 Dungeon Crawl Stone Soup version 0.18.1-50-g88ac8fd (webtiles) character file.

506 varam the Ruffian (level 6, -2/59 HPs)
             Began as a Troll Monk on Oct 22, 2016.
             Was a Priest of Trog.
             Killed from afar by an orc wizard (7 damage)
             ... with a puff of flame
             ... on level 5 of the Dungeon.
             The game lasted 00:06:42 (2712 turns).

varam the Ruffian (Troll Monk)                      Turns: 2712, Time: 00:06:42

Health: -2/59      AC:  5    Str: 20    XL:     6   Next: 97%
Magic:  5/5        EV: 11    Int:  6    God:    Trog [***...]
Gold:   145        SH:  0    Dex: 14    Spells: 0 memorised, 5 levels left

rFire  . . .     SeeInvis .       - Unarmed
rCold  . . .     Gourm    +     f - +0 robe (curse)
rNeg   . . .     Faith    .     (no shield)
rPois  .         Spirit   .     (helmet restricted)
rElec  .         Dismiss  .     (no cloak)
rCorr  .         Reflect  .     (gloves unavailable)
SustAt .         Harm     .     (boots unavailable)
MR     ++...                    (no amulet)
Stlth  ++........               (no ring)
                                (no ring)

@: exhausted, regenerating, slowed, very slow, very resistant to hostile
enchantments, unstealthy
A: unfitting armour, claws 3, fast metabolism 3, gourmand, regeneration 2,
shaggy fur 1, tough skin 2
a: Berserk, Trog's Hand, Burn Spellbooks, Renounce Religion


You were on level 5 of the Dungeon.
You worshipped Trog.
Trog was most pleased with you.
You were very full.

You visited 1 branch of the dungeon, and saw 5 of its levels.

You collected 145 gold pieces.

Inventory:

Missiles
 c - 11 tomahawks (quivered)
 v - 53 stones
Armour
 a - a +0 robe
 f - a cursed +0 robe (worn)
 x - a +0 shield
Jewellery
 r - an uncursed ring of protection from magic {unknown}
Scrolls
 e - a scroll of fear {unknown}
 g - 5 scrolls of identify {unknown}
 j - a scroll of noise {unknown}
 l - 3 scrolls of remove curse {unknown}
 m - 2 scrolls of amnesia {unknown}
 w - 2 scrolls of enchant armour {unknown}
 y - a scroll of teleportation {unknown}
Potions
 d - a potion of cure mutation {unknown}
 h - a potion of degeneration {unknown}
 i - 2 potions of ambrosia {unknown}
 k - 2 potions of curing {@q1}
 n - a potion of might {unknown}
 o - a potion of haste {unknown}
 q - 3 potions of flight {unknown}
 t - a potion of brilliance {unknown}
Comestibles
 b - 7 bread rations
 p - a slice of pizza
 s - a royal jelly
 u - 3 chunks of flesh
 z - a meat ration


   Skills:
 - Level 2.4 Fighting
 + Level 2.4 Throwing
 + Level 3.5 Dodging
 - Level 1.1 Stealth
 * Level 7.1 Unarmed Combat


You had 5 spell levels left.
You didn't know any spells.

Dungeon Overview and Level Annotations

Branches:
Dungeon (5/15)             Temple (0/1) D:4

Altars:
Fedhas
Qazlal
Trog

Shops:
D:4 }


Innate Abilities, Weirdness & Mutations

You are too large for most types of armour.
You have claws for hands.
Your metabolism is lightning-fast.
You like to eat raw meat.
You heal very quickly.
You are covered in fur (AC +1).
You have very tough skin (AC +2).


Message History

* * * LOW HITPOINT WARNING * * *
The orc hits you with a club.
* * * LOW HITPOINT WARNING * * *
The orc barely misses you. The orc wizard misses you.
The orc hits you with a short sword.
* * * LOW HITPOINT WARNING * * *
Drink which item? (? for menu, Esc to quit)
It was a potion of curing.
You feel better.
An orc wizard appears from thin air!
Reactivating autopickup.
The orc wizard hits you with a dagger.
* * * LOW HITPOINT WARNING * * *
The orc wizard points at you and mumbles some strange words.
The magic dart hits you!
* * * LOW HITPOINT WARNING * * *
The orc hits you with a short sword.
* * * LOW HITPOINT WARNING * * *
The orc wizard points at you and mumbles some strange words.
The puff of flame hits you!
You die...

.# ... .# _P⌠.
######.##...
#####.......P_.
...#........P#
#...........####
#...=...........
#.....o@....... ##
#....oooo...... ...
#......l....... ....
#..............
.....####.....)........
..............).#.....#
....##...#####....####
. #<.### ...###
........## ...#


You could see 2 orc wizards, 3 orcs and a giant newt.

Vanquished Creatures
  An ogre (D:4)
  A crimson imp (D:3)
  A centaur skeleton (D:5)
  An orc wizard (D:4)
  3 orc priests
  2 iguanas (D:4)
  A worker ant (D:4)
  A killer bee zombie (D:3)
  4 adders
  5 worms
  4 dart slugs
  2 giant geckos
  14 orcs
  2 ball pythons
  3 giant cockroaches
  A goblin (D:1)
  11 hobgoblins
  5 kobolds
  A quokka (D:4)
  9 bats
  9 giant newts
  8 rats
89 creatures vanquished.

Notes
Turn   | Place    | Note
--------------------------------------------------------------
     0 | D:1      | varam the Troll Monk began the quest for the Orb.
     0 | D:1      | Reached XP level 1. HP: 22/22 MP: 0/0
    41 | D:1      | You fall through a shaft!
   166 | D:2      | Reached XP level 2. HP: 29/29 MP: 1/1
   378 | D:2      | Reached skill level 5 in Unarmed Combat
   378 | D:2      | Reached XP level 3. HP: 36/36 MP: 2/2
   719 | D:3      | Noticed a moth of wrath
   722 | D:3      | Found a bloodstained altar of Trog.
   799 | D:3      | Became a worshipper of Trog the Wrathful
   799 | D:3      | Reached * piety under Trog
   799 | D:3      | Reached ** piety under Trog
   883 | D:3      | Reached XP level 4. HP: 44/44 MP: 3/3
  1111 | D:3      | Reached skill level 1 in Throwing
  1111 | D:3      | Reached XP level 5. HP: 43/50 MP: 4/4
  1674 | D:1      | Reached skill level 6 in Unarmed Combat
  2146 | D:4      | Found Kuogom's Gadget Boutique.
  2152 | D:4      | Noticed an ogre
  2157 | D:4      | Killed an ogre
  2157 | D:4      | Reached XP level 6. HP: 59/59 MP: 5/5
  2399 | D:4      | Reached *** piety under Trog
  2404 | D:4      | Reached skill level 7 in Unarmed Combat
  2460 | D:4      | Found a staircase to the Ecumenical Temple.
  2674 | D:5      | Entered Level 5 of the Dungeon
  2680 | D:5      | Found a stormy altar of Qazlal.
  2704 | D:5      | Found a blossoming altar of Fedhas.
  2712 | D:5      | Killed from afar by an orc wizard

Skill      XL: |  1  2  3  4  5  6 |
---------------+-------------------+-----
Unarmed Combat | 5 6 7 |  7.1
Throwing       | 1 2 |  2.4
Dodging        | 3 |  3.5
Fighting       | |  2.4
Stealth        | |  1.1

Action                   |  1- 3 |  4- 6 || total
-------------------------+-------+-------++-------
Melee: Unarmed           |    70 |   132 ||   202
       Punch             |       |     3 ||     3
Invok: Berserk           |       |     3 ||     3
       Trog's Hand       |       |     1 ||     1
  Use: Potion            |       |     1 ||     1
 Stab: Sleeping          |     4 |     4 ||     8
  Eat: Chunk             |    14 |    18 ||    32
Armor: Robe              |    15 |    42 ||    57
Dodge: Dodged            |    27 |    67 ||    94
